 Dungeon Crawl Stone Soup version 0.20-a0-19-gd4fea00 (webtiles) character file.

12194 mrath the Basher (level 11, -4/90 (92) HPs)
             Began as a Minotaur Fighter on Nov 5, 2016.
             Was a Believer of Qazlal.
             Slain by Rupert
             ... wielding a +0 triple sword of electrocution
              (11 damage)
             ... on level 3 of the Lair of Beasts.
             The game lasted 00:55:40 (12696 turns).

mrath the Basher (Minotaur Fighter)                Turns: 12696, Time: 00:55:41

HP:   -4/90 (92)    AC: 15    Str: 23    XL:     11   Next: 59%
MP:   0/13          EV:  9    Int:  5    God:    Qazlal [**....]
Gold: 632           SH: 14    Dex: 11    Spells: 0 memorised, 10 levels left

rFire  . . .     SeeInvis .     a - +0 flail (drain)
rCold  . . .     Gourm    .     W - +1 chain mail {rPois}
rNeg   + . .     Faith    .     c - +0 shield
rPois  +         Spirit   +     (helmet restricted)
rElec  .         Reflect  .     E - +0 cloak {+Inv}
rCorr  .         Harm     .     O - +0 pair of gloves
MR     .....                    w - +0 pair of boots
Stlth  ..........               k - amulet of guardian spirit
                                (no ring)
                                n - ring of positive energy

@: exhausted, slowed, very slow
A: retaliatory headbutt, horns 2
a: Upheaval, Renounce Religion, Evoke Invisibility


You were on level 3 of the Lair of Beasts.
You worshipped Qazlal.
Qazlal was pleased with you.
You were not hungry.

You visited 3 branches of the dungeon, and saw 12 of its levels.
You also visited: Sewer and Ossuary.

You collected 716 gold pieces.
You spent 84 gold pieces at shops.

Inventory:

Hand Weapons
 a - a +0 flail of draining (weapon)
 D - a +0 blowgun
 P - a +5 long sword
Missiles
 e - 57 poisoned needles
 I - 10 tomahawks (quivered)
Armour
 c - a +0 shield (worn)
 w - a +0 pair of boots (worn)
 E - a +0 cloak of invisibility (worn)
 O - a +0 pair of gloves (worn)
 W - a +1 chain mail of poison resistance (worn)
Jewellery
 k - an amulet of guardian spirit (around neck)
 n - a ring of positive energy (left hand)
 v - an uncursed ring of ice
Wands
 y - a wand of iceblast (5/15)
 A - a wand of slowing (17/48)
 B - a wand of digging (12/24)
 K - a wand of acid (6/15)
 U - a wand of lightning (8/15)
Scrolls
 d - 6 scrolls of teleportation
 i - 6 scrolls of fear
 r - 5 scrolls of identify
 u - 4 scrolls of remove curse
Potions
 p - 2 potions of cancellation
 q - 5 potions of curing
 t - 3 potions of brilliance
 z - 2 potions of resistance
 R - a potion of berserk rage
Books
 m - a book of Maledictions

   Spells                             Type                      Level
   a - Corona                         Hexes                        1
   b - Ensorcelled Hibernation        Hexes/Ice                    2
   c - Confuse                        Hexes                        3
   d - Tukima's Dance                 Hexes                        3
   e - Dazzling Spray                 Conjuration/Hexes            3
Comestibles
 b - 6 chunks of flesh
 s - a slice of pizza
 X - 35 fruits


   Skills:
 + Level 7.4 Fighting
 + Level 4.1 Long Blades
 + Level 13.7 Maces & Flails
 + Level 5.4 Throwing
 + Level 7.7 Armour
 + Level 6.0 Dodging
 + Level 7.1 Shields
 + Level 4.0 Invocations
 + Level 4.5 Evocations


You had 10 spell levels left.
You didn't know any spells.

Dungeon Overview and Level Annotations

Branches:
Dungeon (8/15)             Temple (1/1) D:4            Lair (3/6) D:8
 Shoals (0/4) Lair:3       Spider (0/4) Lair:2

Altars:
Ashenzari
Cheibriados
Dithmenos
Elyvilon
Fedhas
Gozag
Hepliaklqana
Kikubaaqudgha
Makhleb
Nemelex Xobeh
Okawaru
Qazlal
Ru
Sif Muna
Trog
Uskayaw
Vehumet
Xom
Yredelemnul
Zin
The Shining One

Shops:
D:7 (?

Annotations:
Lair:3 Rupert


Innate Abilities, Weirdness & Mutations

You reflexively headbutt those who attack you in melee.
You have a pair of horns on your head.


Message History

You are electrocuted!
You closely miss Rupert.
Rupert is moderately wounded.
You hit Rupert. You headbutt Rupert.
Rupert is moderately wounded.
Rupert roars madly and goes into a rage!
Rupert goes berserk!
Rupert hits you with a triple sword of electrocution!!
* * * LOW HITPOINT WARNING * * *
You closely miss Rupert. Your headbutt misses Rupert.
Rupert is moderately wounded.
Rupert hits you with a triple sword of electrocution!!
* * * LOW HITPOINT WARNING * * *
Your chain mail prevents you from hitting Rupert.
Rupert is moderately wounded.
You block Rupert's attack.
You closely miss Rupert.
Rupert is moderately wounded.
Rupert hits you with a triple sword of electrocution!
You die...

..........## ##.#
..(........# #..#
...........### ###..#
.............# ##...##
.............# ####...##
.............####.#[..##
............>#.#.....##
........@.ยง...#....###
.?.......@..#.....##
.........#..#...#.#
.###.#######.#.#### ##
##.#..## # #.##.#.# ##
####....### .##
######.......## ..#
####.......).....#
.P####.............P.##


You could see Rupert (berserk).

Vanquished Creatures
  Fannar (Lair:1)
  The ghost of Asoki the Skirmisher, a novice MiBe of Trog (D:5)
  A torpor snail (Lair:2)
  4 spiny frogs
  A rime drake (Lair:2)
  The ghost of mrath the Cudgeler, an amateur MiFi of Qazlal (D:4)
  Grinder (D:4)
  Prince Ribbit (D:7)
  3 hippogriffs
  2 redbacks (Lair:2)
  A basilisk (Lair:2)
  16 yaks
  Grum (D:7)
  Menkaure (D:4)
  5 water moccasins
  3 porcupines
  An ice beast (D:5)
  3 phantoms
  An orc warrior (D:8)
  A sky beast (D:6)
  5 necrophages (D:8)
  4 ogres
  8 wolves
  3 crocodiles
  13 bullfrogs
  4 scorpions
  5 wights
  A crimson imp (D:5)
  A bullfrog zombie (D:8)
  2 centaur zombies
  2 hounds
  A centaur skeleton (D:8)
  An orc wizard (D:4)
  5 orc priests
  Jessica (D:2)
  An iguana (D:7)
  6 worker ants
  A killer bee zombie (D:8)
  A big kobold zombie (Ossuary)
  2 hound zombies
  A hound skeleton (D:4)
  5 mummies (Ossuary)
  2 worker ant zombies
  11 adders
  3 gnolls (D:6)
  3 river rats
  7 oozes
  An adder zombie (D:5)
  An adder skeleton (D:5)
  3 worms
  14 leopard geckos
  19 orcs
  23 ball pythons
  A bat zombie (D:3)
  18 giant cockroaches
  4 goblins
  7 hobgoblins
  13 jackals
  4 quokkas
  7 bats
  10 frilled lizards
  A goblin zombie (Ossuary)
  2 hobgoblin zombies (Ossuary)
  7 kobolds
  3 orc zombies (Ossuary)
  A quokka zombie (D:5)
  18 rats
  2 rat zombies (D:3)
  5 fungi
312 creatures vanquished.

Vanquished Creatures (others)
  3 fungi
3 creatures vanquished.

Grand Total: 315 creatures vanquished

Notes
Turn   | Place    | Note
-------+----------+-------------------------------------------
     0 | D:1      | mrath the Minotaur Fighter began the quest for the Orb.
     0 | D:1      | Reached XP level 1. HP: 19/19 MP: 0/0
   170 | D:1      | Reached skill level 3 in Maces & Flails
   180 | D:1      | Reached XP level 2. HP: 22/26 MP: 1/1
   758 | D:1      | Reached skill level 4 in Maces & Flails
   925 | D:1      | Reached XP level 3. HP: 31/31 MP: 2/2
   941 | D:2      | Noticed Jessica
   958 | D:2      | Killed Jessica
   958 | D:2      | Reached skill level 5 in Maces & Flails
  1202 | D:2      | Reached XP level 4. HP: 33/39 MP: 3/3
  1375 | D:2      | Found a sacrificial altar of Ru.
  2004 | D:3      | You fall through a shaft for 2 floors!
  2004 | D:5      | Entered Level 5 of the Dungeon
  2047 | D:5      | Noticed an ogre
  2059 | D:5      | Reached skill level 6 in Maces & Flails
  2063 | D:5      | Killed an ogre
  2063 | D:5      | Reached skill level 7 in Maces & Flails
  2063 | D:5      | Reached XP level 5. HP: 23/45 MP: 4/4
  2581 | D:5      | Found a glowing drain.
  2686 | Sewer    | Entered a sewer
  2841 | Sewer    | Reached XP level 6. HP: 45/51 MP: 5/5
  3072 | Sewer    | Reached skill level 8 in Maces & Flails
  3439 | D:5      | Found an opulent altar of Gozag.
  3465 | D:5      | Noticed Asoki's ghost (novice MiBe)
  3540 | D:5      | Noticed an ice beast
  3551 | D:5      | Killed an ice beast
  3551 | D:5      | Reached skill level 9 in Maces & Flails
  3551 | D:5      | Reached XP level 7. HP: 44/57 MP: 6/6
  3626 | D:4      | Noticed Menkaure
  3627 | D:4      | Found a staircase to the Ecumenical Temple.
  3639 | D:4      | Killed Menkaure
  3641 | D:4      | Noticed Grinder
  3653 | D:4      | Killed Grinder
  3653 | D:4      | Reached skill level 10 in Maces & Flails
  3856 | Temple   | Entered the Ecumenical Temple
  4365 | D:3      | Found an ancient bone altar of Kikubaaqudgha.
  4554 | D:4      | Noticed mrath's ghost (amateur MiFi)
  4555 | D:4      | Reached skill level 11 in Maces & Flails
  4570 | D:4      | Killed mrath's ghost
  4570 | D:4      | Reached XP level 8. HP: 18/64 MP: 7/7
  4869 | D:4      | Found a glowing golden altar of the Shining One.
  4960 | D:4      | Found a shadowy altar of Dithmenos.
  5300 | D:4      | Reached skill level 12 in Maces & Flails
  5468 | D:4      | Found a basalt altar of Yredelemnul.
  5970 | D:5      | Killed Asoki's ghost
  5970 | D:5      | Reached skill level 1 in Throwing
  5970 | D:5      | Reached skill level 1 in Dodging
  5970 | D:5      | Reached skill level 1 in Evocations
  6351 | D:6      | Reached XP level 9. HP: 67/72 MP: 7/9
  6505 | D:6      | Found a bloodstained altar of Trog.
  6537 | D:6      | Found a white marble altar of Elyvilon.
  6770 | D:6      | Found a blossoming altar of Fedhas.
  7080 | D:7      | Found a sand-covered staircase.
  7135 | Ossuary  | Entered an ossuary
  7203 | Ossuary  | Reached skill level 5 in Armour
  7487 | D:7      | Reached skill level 5 in Fighting
  7552 | D:7      | Found Xeasherch's Magic Scroll Shoppe.
  7555 | D:7      | Bought a scroll of identify for 28 gold pieces
  7555 | D:7      | Bought a scroll of identify for 28 gold pieces
  7555 | D:7      | Bought a scroll of identify for 28 gold pieces
  7803 | D:7      | Found a stormy altar of Qazlal.
  7805 | D:7      | Became a worshipper of Qazlal Stormbringer
  7884 | D:7      | Found Xaatall's Antique Weapon Shop.
  8031 | D:8      | Reached skill level 5 in Shields
  8065 | D:8      | Noticed Grum
  8068 | D:8      | Noticed Prince Ribbit
  8241 | D:7      | Killed Prince Ribbit
  8318 | D:7      | Killed Grum
  8623 | D:8      | Reached * piety under Qazlal
  8657 | D:8      | Reached XP level 10. HP: 82/82 MP: 11/11
  8665 | D:8      | Reached skill level 13 in Maces & Flails
  8827 | D:8      | Reached skill level 1 in Long Blades
  8873 | D:8      | Found a staircase to the Lair.
  8884 | D:8      | Reached skill level 1 in Invocations
  9046 | D:8      | Found a glowing silver altar of Zin.
  9157 | Lair:1   | Entered Level 1 of the Lair of Beasts
  9159 | Lair:1   | Noticed a spiny frog
  9189 | D:8      | Killed a spiny frog
  9832 | Lair:1   | Reached ** piety under Qazlal
  9999 | D:8      | Reached skill level 5 in Dodging
 10083 | Lair:1   | Noticed Fannar
 10100 | Lair:1   | Killed Fannar
 10100 | Lair:1   | Reached XP level 11. HP: 83/89 MP: 10/13
 10754 | Lair:2   | Reached skill level 5 in Throwing
 10939 | Lair:2   | Found a hole to the Spider Nest.
 12647 | Lair:3   | Found a staircase to the Shoals.
 12678 | Lair:3   | Noticed Rupert
 12696 | Lair:3   | Slain by Rupert

Vault maps used:
D:1:      enne_arrival_octagon_isle, minmay_large_rounded_square
D:2:      nicolae_ru_path_of_blood, uniq_jessica
D:3:      lemuel_zombie_altar_kikubaaqudgha
D:4:      grunt_dithmenos_smoke, nicolae_overflow_hidden_temple,
          nicolae_tso_carved_into_rock, uniq_grinder, uniq_menkaure
D:5:      grunt_gozag_statues, first_bread, portal_sewer_entry_c,
          corexii_corridor_pit, st_stairs_11
D:6:      marbit_many_paths, elyvilon_altar_1, kennysheep_little_box
D:7:      grunt_qazlal_clouds, serial_shops, shop, kennysheep_mini_moat,
          chequers_ossuary_entry_cave, corexii_hall_statues_x
D:8:      lemuel_coloured_pillars_altar, grunt_lair_entry_orc_guard_hut,
          serial_undead, serial_undead_d, serial_undead_c, serial_undead_f,
          serial_undead_a, serial_undead_f, serial_undead_d, uniq_grum,
          uniq_prince_ribbit1
Temple:   cyrus_temple_forest
Lair:1:   minmay_stone_trees_small, uniq_fannar
Lair:2:   spider_nest_entry_a, grunt_forest_small_clearings
Lair:3:   shoals_dummy_entry, uniq_rupert
Sewer:    sewer_frog_island_02
Ossuary:  ossuary_crypta

Skill      XL: |  1  2  3  4  5  6  7  8  9 10 11 |
---------------+----------------------------------+-----
Maces & Flails | 3 4 5 7 9 11 12 13 | 13.7
Fighting       | 4 5 6 7 |  7.4
Throwing       | 1 3 4 5 |  5.4
Armour         | 4 5 6 7 |  7.7
Dodging        | 1 4 5 6 |  6.0
Shields        | 4 5 6 7 |  7.1
Evocations     | 1 2 4 |  4.5
Long Blades    | 3 4 |  4.1
Invocations    | 3 4 |  4.0

Action                   |  1- 3 |  4- 6 |  7- 9 | 10-12 || total
-------------------------+-------+-------+-------+-------++-------
Melee: Flail             |    64 |   260 |   192 |   361 ||   877
       Headbutt          |    11 |    31 |    70 |    93 ||   205
       Morningstar       |       |       |   154 |       ||   154
       Long sword        |       |       |    38 |    16 ||    54
       War axe           |       |       |     7 |       ||     7
 Fire: Blowgun           |       |       |    16 |     2 ||    18
Throw: Stone             |       |     1 |       |       ||     1
       Tomahawk          |       |       |     3 |     5 ||     8
  Use: Potion            |       |     1 |       |     1 ||     2
       Scroll            |       |       |    10 |     4 ||    14
  Eat: Chunk             |     1 |     8 |    16 |    14 ||    39
Armor: Scale mail        |    29 |     6 |       |       ||    35
       Chain mail        |       |   134 |   139 |   108 ||   381
Dodge: Dodged            |    24 |    46 |    72 |    73 ||   215
Block: Shield            |    33 |   169 |   180 |   198 ||   580
       Rpst.: Long sword |       |       |     6 |     3 ||     9
